 Dungeon Crawl Stone Soup version 0.31.0-32-g396128a36d (webtiles) character file.

Game seed: 15315027880482270467

937 PaiMei the Scholar of Death (level 7, -3/55 HPs)
             Began as a Demonspawn Necromancer on Apr 15, 2024.
             Was a Follower of Kikubaaqudgha.
             Incinerated by a bombardier beetle (6 damage)
             ... with a burning spray
             ... on level 5 of the Dungeon on Apr 16, 2024.
             The game lasted 00:09:17 (8359 turns).

PaiMei the Scholar of Death (DsNe)                  Turns: 8359, Time: 00:09:18

Health: -3/55      AC:  6    Str:  9    XL:     7   Next: 87%
Magic:  1/13       EV: 13    Int: 17    God:    Kikubaaqudgha [*.....]
Gold:   16         SH:  0    Dex: 13    Spells: 11/15 levels left

rFire   . . .        v - +2 short sword (venom)
rCold   . . .        (no shield)
rNeg    . . .        a - +0 robe
rPois   .            d - +0 helmet
rElec   .            i - +0 cloak
rCorr   .            B - +0 pair of gloves
SInv    .            (no boots)
Will    .....        (no amulet)
Stlth   +            (no ring)
HPRegen 0.29/turn    (no ring)
MPRegen 0.13/turn

%: no passive effects
@: on fire, glowing
A: rugged brown scales 1, demonic guardian 1, foul stench 3
a: Renounce Religion, Unearth Wretches


You were on level 5 of the Dungeon.
You worshipped Kikubaaqudgha.
Kikubaaqudgha was aware of your devotion.
You visited 1 branch of the dungeon, and saw 5 of its levels.

You collected 219 gold pieces.
You spent 203 gold pieces at shops.

Inventory:

Hand Weapons
 v - a +2 short sword of venom (weapon)
Missiles
 o - 11 poisoned darts (quivered)
Armour
 a - a +0 robe (worn)
 d - a +0 helmet (worn)
 i - a +0 cloak (worn)
 A - a +1 hat
 B - a +0 pair of gloves (worn)
Jewellery
 f - a ring of poison resistance
 g - a ring of flight
Scrolls
 c - 2 scrolls of immolation {unknown}
 e - a scroll of brand weapon {unknown}
 h - 7 scrolls of identify {unknown}
 j - a scroll of vulnerability {unknown}
 k - 2 scrolls of amnesia
 l - 4 scrolls of poison {unknown}
 m - 2 scrolls of enchant weapon {unknown}
 p - a scroll of revelation {unknown}
 t - 2 scrolls of fear
 u - a scroll of summoning {unknown}
 x - a scroll of blinking
 y - a scroll of teleportation
Potions
 b - a potion of magic
 n - a potion of attraction
 q - a potion of lignification {unknown}
 r - a potion of mutation {unknown}
 s - a potion of resistance {unknown}
 w - a potion of curing
 z - a potion of brilliance {unknown}


   Skills:
 + Level 4.1 Fighting
 + Level 4.4 Dodging
 - Level 2.0 Stealth
 + Level 4.5 Spellcasting
 + Level 6.6 Necromancy


You had 11 spell levels left.
You knew the following spells:

 Your Spells              Type           Power      Damage    Failure   Level
a - Necrotise             Necr           100%       1d9       1%          1
b - Vampiric Draining     Necr           26%        2d7       3%          3

Your spell library contained the following spells:

 Spells                   Type           Power      Damage    Failure   Level
 Kiss of Death            Conj/Necr      60%        2d10      3%          1
 Cigotuvi's Dreadful Rot  Necr/Alch/Air  22%        N/A       9%          2
 Animate Dead             Necr           26%        N/A       10%         4
 Apportation              Tloc           6%         N/A       16%         1
 Sting                    Conj/Alch      12%        1d3       16%         1
 Summon Small Mammal      Summ           12%        N/A       16%         1
 Curse of Agony           Necr           26%        N/A       26%         5


Dungeon Overview and Level Annotations

Branches:
Dungeon (5/15)             Temple (0/1) D:4

Altars:
Dithmenos
Gozag
Kikubaaqudgha
Nemelex Xobeh
Okawaru
Qazlal
Yredelemnul

Shops:
D:3 (   D:4 ?

Annotations:
D:4 3 runed translucent doors, TerraPolaris's ghost, amateur TrFi


Innate Abilities, Weirdness & Mutations

You are partially covered in rugged brown scales. (AC +1, +3% HP)
A weak demonic guardian rushes to your aid.
You frequently emit foul miasma when damaged in melee.


Message History

You draw life force from the bombardier beetle!
You feel life coursing into your body.
The iguana bites you but does no damage.
The bombardier beetle sprays incendiary fluid at you.
The burning spray hits you.
You are covered in liquid fire!
Casting: Vampiric Draining (dangerous; 3% risk of failure)
Confirm with . or Enter, or press ? or * to list all spells.
Aiming: Vampiric Draining (dangerous; 3% risk of failure)
Press: ? - help, Shift-Dir - straight line, f/p - bombardier beetle
Aim: a bombardier beetle (severely wounded)
You draw life force from the bombardier beetle!
You kill the bombardier beetle!
Kikubaaqudgha accepts your kill.
You feel life coursing into your body. The liquid fire burns you!
* * * LOW HITPOINT WARNING * * *
The iguana bites you!
* * * LOW HITPOINT WARNING * * *
A demonic guardian appears!
Casting: Vampiric Draining (dangerous; 3% risk of failure)
Confirm with . or Enter, or press ? or * to list all spells.
Aiming: Vampiric Draining (dangerous; 3% risk of failure)
Press: ? - help, Shift-Dir - straight line, f - iguana
Aim: an iguana (ally target)
You draw life force from the iguana.
You feel life coursing into your body. The liquid fire burns you!
* * * LOW HITPOINT WARNING * * *
The iguana barely misses you.
Casting: Vampiric Draining (dangerous; 3% risk of failure)
Confirm with . or Enter, or press ? or * to list all spells.
You don't have enough magic to cast this spell.
Casting: Vampiric Draining (dangerous; 3% risk of failure)
Confirm with . or Enter, or press ? or * to list all spells.
You don't have enough magic to cast this spell.
You swap places.
You shake off some of the fire as you move.
The liquid fire burns you!
You die...
Kikubaaqudgha rasps: "You have failed me!
Welcome... death!"

#### #.# #.# . #.# #.
##.###### ^. #.......# .#
# ##..####.# .# # ##
##...# #.# .#.##
.####....####.####....###
.'......#.......@5†......
.####....#.##.####l...###
## ##..##.##.# .....# #
##.......# .###.#
#...#.#### .# # ##
#.#...# .# .# #...### .#
.# ##.## .# .### #.#


You could see an iguana (ally target) and a friendly shadow imp (summoned).

Vanquished Creatures
  Eustachio (D:5)
  2 ogres (D:4)
  2 scorpions
  2 bombardier beetles
  2 hounds (D:5)
  2 orc priests
  An iguana (D:4)
  5 orc wizards
  3 gnolls (D:4)
  2 adders
  2 ufetubi (D:5)
  2 dart slugs
  A ribbon worm (D:4)
  12 orcs
  13 ball pythons
  9 endoplasms
  5 giant cockroaches
  6 goblins
  7 hobgoblins
  4 jackals (D:1)
  12 kobolds
  A quokka (D:5)
  5 bats
  2 frilled lizards
  5 rats
108 creatures vanquished.

Vanquished Creatures (collateral kills)
  A jackal (D:1)
1 creature vanquished.

Grand Total: 109 creatures vanquished

Notes
Turn   | Place    | Note
-------+----------+-------------------------------------------
     0 | D:1      | PaiMei the Demonspawn Necromancer began the quest for the
                  | Orb.
     0 | D:1      | Reached XP level 1. HP: 13/13 MP: 3/3
   413 | D:1      | Gained mutation: You may rarely emit foul miasma when
                  | damaged in melee. [demonic ancestry]
   413 | D:1      | Reached XP level 2. HP: 19/19 MP: 0/5
   975 | D:1      | Gained mutation: A weak demonic guardian rushes to your
                  | aid. [demonic ancestry]
   975 | D:1      | Reached XP level 3. HP: 25/25 MP: 4/6
  1264 | D:2      | Found a sparkling altar of Nemelex Xobeh.
  1616 | D:2      | Reached skill level 1 in Fighting
  1661 | D:2      | Found a faded altar of an unknown god.
  2719 | D:3      | Reached skill level 5 in Necromancy
  2719 | D:3      | Gained mutation: You sometimes emit foul miasma when
                  | damaged in melee. [demonic ancestry]
  2719 | D:3      | Reached XP level 4. HP: 29/32 MP: 0/8
  3024 | D:3      | Found Joshell's Antique Weapon Shoppe.
  3194 | D:3      | Found an ancient bone altar of Kikubaaqudgha.
  3202 | D:3      | Became a worshipper of Kikubaaqudgha
  3378 | D:3      | Found a sparkling altar of Nemelex Xobeh.
  3631 | D:3      | Found a basalt altar of Yredelemnul.
  3633 | D:3      | Found a shadowy altar of Dithmenos.
  3633 | D:3      | Found a stormy altar of Qazlal.
  3636 | D:3      | Found an opulent altar of Gozag.
  3638 | D:3      | Found an iron altar of Okawaru.
  3676 | D:3      | Learned a level 3 spell: Vampiric Draining
  3845 | D:4      | Noticed an ogre
  3894 | D:4      | Noticed a scorpion
  3901 | D:3      | Killed a scorpion
  3902 | D:3      | Reached XP level 5. HP: 34/38 MP: 3/9
  5615 | D:4      | Gained mutation: You frequently emit foul miasma when
                  | damaged in melee. [demonic ancestry]
  5615 | D:4      | Reached XP level 6. HP: 21/46 MP: 6/11
  5882 | D:4      | Found a staircase to the Ecumenical Temple.
  6321 | D:4      | Found Gaenepudgh's Magic Scroll Boutique.
  6324 | D:4      | Bought a scroll of blinking for 82 gold pieces
  6324 | D:4      | Bought a scroll of fear for 44 gold pieces
  6324 | D:4      | Bought a scroll of teleportation for 33 gold pieces
  6324 | D:4      | Bought a scroll of amnesia for 44 gold pieces
  6472 | D:4      | Reached * piety under Kikubaaqudgha
  6472 | D:4      | Received a gift from Kikubaaqudgha
  6783 | D:4      | Reached skill level 6 in Necromancy
  6824 | D:4      | Noticed TerraPolaris's ghost (amateur TrFi)
  6825 | D:4      | Found a runed translucent gate.
  6825 | D:4      | Found a runed translucent gate.
  6825 | D:4      | Found a runed translucent gate.
  6993 | D:5      | Entered Level 5 of the Dungeon
  7030 | D:5      | Noticed Eustachio
  7041 | D:5      | Killed Eustachio
  7042 | D:5      | Gained mutation: You are partially covered in rugged brown
                  | scales. (AC +1, +3% HP) [demonic ancestry]
  7042 | D:5      | Reached XP level 7. HP: 25/53 MP: 3/13
  8359 | D:5      | Incinerated by a bombardier beetle

Illustrated notes

Levels and vault maps discovered:
D:1:      zelgadis_glass_arrival_small, layout_basic
D:2:      layout_rooms, ebering_ecumenical_altar_mist, basic_altar, minmay_puff
D:3:      layout_loops_ring, minitemple, nicolae_kikubaaqudgha_miasma_corner,
          nemelex_dance_club_becter, serial_shops, shop
D:4:      layout_basic, minmay_temple_entry_sparse_star, serial_shops,
          nicolae_shop_real_fake_doors, gammafunk_ghost_necromancy,
          abandoned_shop
D:5:      layout_loops_corners, uniq_eustachio

Skill      XL: |  1  2  3  4  5  6  7 |
---------------+----------------------+-----
Stealth        | 2 |  2.0
Dodging        | 2 3 4 |  4.4
Fighting       | 1 2 3 4 |  4.1
Necromancy     | 5 6 |  6.6
Spellcasting   | 3 4 |  4.5

Action                     |  1- 3 |  4- 6 |  7- 9 || total
---------------------------+-------+-------+-------++-------
  Melee: Unarmed           |     5 |       |       ||     5
         Dagger            |     9 |     6 |       ||    15
         Short sword       |       |    15 |    17 ||    32
   Cast: Necrotise         |    99 |    80 |    15 ||   194
         Vampiric Draining |       |    14 |    11 ||    25
    Use: Potion            |       |     2 |       ||     2
 Armour: Robe              |    19 |    50 |    44 ||   113
  Dodge: Dodged            |    23 |    56 |    37 ||   116
